 Dungeon Crawl Stone Soup version 0.29.1-12-g30fa7ad0bf (webtiles) character file.

Game seed: 2435669351938932033

19558 112233 the Stormcaller (level 12, -5/59 HPs)
             Began as a Tengu Air Elementalist on Dec 22, 2022.
             Was an Initiate of Gozag.
             Slain by a catoblepas (13 damage)
             ... while petrified by a catoblepas
             ... on level 1 of the Lair of Beasts.
             The game lasted 00:16:48 (24253 turns).

112233 the Stormcaller (Tengu Air Elementalist)    Turns: 24253, Time: 00:16:48

Health: -5/59      AC:  3    Str:  8    XL:     12   Next: 70%
Magic:  12/30      EV:  2    Int: 25    God:    Gozag
Gold:   1879       SH:  0    Dex: 17    Spells: 25/37 levels left

rFire   . . .      SeeInvis .   e - +1 dagger
rCold   + . .      Faith    .   (no shield)
rNeg    + + +      Spirit   .   I - +1 robe {Will+}
rPois   ∞          Reflect  .   (helmet restricted)
rElec   +          Harm     .   (no cloak)
rCorr   +          Rampage  .   (no gloves)
Will    +....                   (boots unavailable)
Stlth   ++........              (no amulet)
HPRegen 0.19/turn               B - ring "Gatuwela" {rElec rPois rC+ rCorr}
MPRegen 0.22/turn               q - +6 ring of intelligence

@: petrified, flying quickly and evasively, quick
A: beak, talons 3, nimble flight
a: Renounce Religion, Potion Petition, Call Merchant, Bribe Branch


You were on level 1 of the Lair of Beasts.
You worshipped Gozag.
Gozag was most pleased with you.
You visited 3 branches of the dungeon, and saw 14 of its levels.

You collected 2282 gold pieces.
You paid 403 gold pieces to Gozag.

Inventory:

Hand Weapons
 e - a +1 dagger (weapon)
 y - the +3 whip of the Sheltering Oracle {vorpal, *Corrode rElec Str+10 Dex-4}
   (You found it on level 5 of the Dungeon)

   It inflicts extra damage upon your enemies.
   Str:       It affects your strength (+10).
   Dex:       It affects your dexterity (-4).
   rElec:     It insulates you from electricity.
   *Corrode:  It may corrode you when you take damage.
Armour
 a - a +0 robe
 I - a +1 robe of willpower (worn)
Jewellery
 g - a ring of protection from cold
 h - a ring of poison resistance
 q - a +6 ring of intelligence (right hand)
 w - a ring of willpower
 x - a ring of see invisible
 B - the ring "Gatuwela" (left hand) {rElec rPois rC+ rCorr}
   (You took it off a wight on level 7 of the Dungeon)

   [ring of resist corrosion]

   rC:        It protects you from cold.
   rElec:     It insulates you from electricity.
   rPois:     It protects you from poison.
   rCorr:     It protects you from acid and corrosion.
 H - an amulet of guardian spirit
Wands
 b - a wand of flame (24)
 i - a wand of polymorph (11)
 p - a wand of acid (6)
 C - a wand of roots (11)
Scrolls
 f - a scroll of fog {unknown}
 k - 2 scrolls of silence
 m - a scroll of poison
 r - 2 scrolls of enchant armour
 s - a scroll of vulnerability
 t - 4 scrolls of teleportation
 v - 3 scrolls of immolation
 A - 2 scrolls of noise
 D - 4 scrolls of identify
 L - a scroll of fear {unknown}
Potions
 c - a potion of flight
 d - 2 potions of attraction
 j - 2 potions of might {unknown}
 l - a potion of experience {unknown}
 n - 3 potions of mutation {unknown}
 o - a potion of haste
 u - 2 potions of cancellation {unknown}
 z - 2 potions of resistance {unknown}
 E - 2 potions of invisibility {unknown}
 F - 5 potions of curing
 G - a potion of heal wounds
 J - a potion of magic
 K - 2 potions of brilliance


   Skills:
 - Level 2.1 Dodging
 - Level 2.0 Stealth
 + Level 13.3 Spellcasting
 - Level 1.3 Conjurations
 + Level 19.1 Air Magic


You had 25 spell levels left.
You knew the following spells:

 Your Spells              Type           Power      Damage    Failure   Level
a - Shock                 Conj/Air       100%       1d9       1%          1
b - Static Discharge      Conj/Air       61%        3-11/arc  1%          2
c - Airstrike             Air            42%        2d(7-23)  0%          4
d - Swiftness             Air            85%        N/A       0%          3
e - Passwall              Tmut/Erth      13%        N/A       5%          2

Your spell library contained the following spells:

 Spells                   Type           Power      Damage    Failure   Level
 Poisonous Vapours        Pois/Air       100%       N/A       1%          2
 Beastly Appendage        Tmut           32%        N/A       3%          1
 Sandblast                Erth           32%        2d9       3%          1
 Sting                    Tmut/Pois      64%        1d6       3%          1
 Wereblood                Tmut           16%        N/A       5%          2
 Conjure Flame            Conj/Fire      20%        6-21      8%          3
 Stone Arrow              Conj/Erth      40%        3d9       8%          3
 Gell's Gravitas          Tloc           16%        N/A       11%         3
 Ignite Poison            Fire/Tmut/Pois 16%        N/A       11%         3
 Inner Flame              Hex/Fire       16%        N/A       11%         3
 Lesser Beckoning         Tloc           16%        N/A       11%         3
 Spider Form              Tmut/Pois      16%        N/A       11%         3
 Teleport Other           Tloc           16%        N/A       11%         3
 Fulminant Prism          Conj/Hex       10%        3d9       26%         4
 Iskenderun's Mystic Bla  Conj/Tloc      20%        2d6       26%         4
 Sticky Flame             Conj/Fire      20%        2d4       26%         4
 Cause Fear               Hex            8%         N/A       34%         4
 Olgreb's Toxic Radiance  Pois           16%        N/A       34%         4
 Lee's Rapid Deconstruct  Erth           8%         3d8*      67%         5
 Discord                  Hex            8%         N/A       100%        8


Dungeon Overview and Level Annotations

Branches:
Dungeon (11/15)              Lair (2/5) D:10            Orc (1/2) D:10
 Temple: D:4-7        Swamp: Lair:2-3    Shoals: Lair:2-3     Snake: Lair:2-3
 Spider: Lair:2-3

Altars:
Gozag
Hepliaklqana
Okawaru
Ru
Trog
Uskayaw
Vehumet
Yredelemnul

Shops:
D:6 [

Annotations:
D:5 exclusion: downstairs
D:7 exclusion: downstairs
D:9 exclusion: downstairs
D:10 1 transporter, ymhsbmbesitwf's ghost, novice HOFi
D:11 exclusion: upstairs
Orc:1 Erica


Innate Abilities, Weirdness & Mutations

You have a beak for a mouth.
You have claws for feet.
Your magical nature lets you fly swiftly and evasively.


Message History

Aiming: Airstrike (safe; 0% risk of failure)
Press: ? - help, Dir - move target, f/p - catoblepas
Aim: a catoblepas (severely wounded, empty space bonus: 7/8)
The air twists around and strikes the catoblepas!
The catoblepas is severely wounded.
The catoblepas breathes a plume of calcifying dust at you.
The blast of calcifying dust hits you.
Unknown command.
Casting: Airstrike (safe; 0% risk of failure)
Confirm with . or Enter, or press ? or * to list all spells.
Aiming: Airstrike (safe; 0% risk of failure)
Press: ? - help, Dir - move target, f/p - catoblepas
Aim: a catoblepas (severely wounded, empty space bonus: 7/8)
The air twists around and strikes the catoblepas.
The catoblepas is almost dead.
You are engulfed in calcifying dust.
The catoblepas gores you!!
A yak comes into view.
Unknown command.
Casting: Airstrike (safe; 0% risk of failure)
Confirm with . or Enter, or press ? or * to list all spells.
Aiming: Airstrike (safe; 0% risk of failure)
Press: ? - help, Dir - move target, f/p - catoblepas
Aim: a catoblepas (almost dead, empty space bonus: 7/8)
The air twists around and strikes the catoblepas.
The catoblepas is almost dead.
The yak bellows!
You are engulfed in calcifying dust.
The catoblepas misses you.
A yak comes into view.
Unknown command.
You are engulfed in calcifying dust.
You are slowing down.
The catoblepas gores you.
You fly upwards.
You have turned to stone.
The catoblepas gores you!! x2
* * * LOW HITPOINT WARNING * * *
The catoblepas gores you.
* * * LOW HITPOINT WARNING * * *
The catoblepas gores you!!
You die...
Your body crumbles into a pile of gold.

...##########.....+...######
..................#....#
............#[....#...##
..................#...#
......................#
.(..........#.....#...#
.PP.........#.........#
(.P.........#....Y#...#
............#...@.....#
............####.##...#
......................#
......................#
...........#.#####..#.#
..........#### ####.#
..........# ##.# #.#.##....#
#######..## ###.......#
#....###.P#


You could see a catoblepas.

Vanquished Creatures
  2 hydras (Lair:1)
  Erolcha (D:11)
  A two-headed ogre (D:8)
  A catoblepas (Lair:1)
  3 death yaks (D:10)
  Urug (Lair:1)
  Sonja (D:11)
  2 black mambas (Lair:1)
  Joseph (D:8)
  A cane toad (D:10)
  A rime drake (Lair:1)
  A komodo dragon (Lair:2)
  3 trolls (D:11)
  2 hornets (D:9)
  3 blink frogs (Lair:1)
  3 shadows
  2 wyverns (Lair:1)
  2 wraiths
  22 yaks
  2 steam dragons
  2 basilisks (Lair:1)
  5 vampire mosquitoes
  An acid dragon (D:8)
  2 water moccasins
  7 orc warriors
  2 ice beasts (D:6)
  3 centaurs
  2 ogres
  A phantom (D:4)
  A kobold brigand (D:10)
  8 bullfrogs
  Blork the orc (D:6)
  2 scorpions
  A gnoll sergeant (D:8)
  9 wights
  10 killer bees
  5 howler monkeys
  3 electric eels
  4 hounds
  2 jellies
  7 orc priests
  2 gnoll boudas
  4 iguanas
  14 orc wizards
  20 gnolls
  5 adders
  A shadow imp (D:6)
  A white imp (D:5)
  2 ufetubi
  4 worms
  4 dart slugs
  50 orcs
  6 endoplasms
  11 giant cockroaches
  9 goblins
  8 hobgoblins
  3 jackals (D:2)
  A quokka (D:2)
  4 ball pythons
  2 bats
  4 frilled lizards
  13 kobolds
  7 rats
308 creatures vanquished.

Vanquished Creatures (others)
  9 fungi
  8 plants
17 creatures vanquished.

Grand Total: 325 creatures vanquished

Notes
Turn   | Place    | Note
-------+----------+-------------------------------------------
     0 | D:1      | 112233 the Tengu Air Elementalist began the quest for the
                  | Orb.
     0 | D:1      | Reached XP level 1. HP: 10/10 MP: 4/4
   215 | D:1      | Reached XP level 2. HP: 15/15 MP: 1/6
   375 | D:1      | Reached skill level 5 in Air Magic
   639 | D:1      | Learned a level 2 spell: Static Discharge
   825 | D:2      | Reached XP level 3. HP: 19/19 MP: 3/7
  1069 | D:2      | Reached skill level 6 in Air Magic
  1309 | D:2      | Reached XP level 4. HP: 7/24 MP: 1/8
  2568 | D:3      | Found a faded altar of an unknown god.
  3377 | D:4      | Reached skill level 7 in Air Magic
  3377 | D:4      | Gained mutation: Your magical nature lets you fly swiftly
                  | and evasively. [Tengu growth]
  3377 | D:4      | Reached XP level 5. HP: 28/28 MP: 3/10
  3791 | D:3      | Reached XP level 6. HP: 20/32 MP: 0/11
  4139 | D:4      | Reached skill level 8 in Air Magic
  4215 | D:4      | Found an opulent altar of Gozag.
  4302 | D:4      | Became a worshipper of Gozag Ym Sagoz the Greedy
  4443 | D:4      | You are sucked into a shaft and drop 2 floors!
  4476 | D:6      | Noticed an ice beast
  4484 | D:6      | Killed an ice beast
  4485 | D:6      | Reached XP level 7. HP: 16/36 MP: 9/14
  4678 | D:5      | Entered Level 5 of the Dungeon
  4718 | D:5      | Identified the +3 whip of the Sheltering Oracle {vorpal,
                  | *Corrode rElec Str+10 Dex-4}
  4857 | D:5      | Reached skill level 9 in Air Magic
  5135 | D:5      | Found an iron altar of Okawaru.
  5271 | D:5      | Reached skill level 5 in Spellcasting
  5482 | D:4      | Learned a level 4 spell: Airstrike
  5486 | D:4      | Learned a level 3 spell: Swiftness
  5906 | D:4      | Found a radiant altar of Vehumet.
  6482 | D:5      | Learned a level 2 spell: Passwall
  6636 | D:5      | Reached XP level 8. HP: 35/41 MP: 10/17
  7051 | D:4      | Reached skill level 10 in Air Magic
  7698 | D:6      | Noticed Blork the orc
  7910 | D:6      | Killed Blork the orc
  8386 | D:6      | Found Latuse's Armour Boutique.
  8453 | D:6      | Reached skill level 11 in Air Magic
  8809 | D:8      | Noticed a two-headed ogre
  8809 | D:8      | Found a flagged portal.
  9032 | D:7      | Identified the ring "Gatuwela" {rElec rPois rC+ rCorr}
  9045 | D:7      | Reached XP level 9. HP: 33/45 MP: 1/20
  9412 | D:8      | Noticed Joseph
  9442 | D:8      | Found a basalt altar of Yredelemnul.
  9443 | D:8      | Found a bloodstained altar of Trog.
  9908 | D:8      | HP: 3/67 [Joseph/sling bullet (12)]
  9915 | D:8      | Killed Joseph
  9916 | D:8      | Reached skill level 12 in Air Magic
 10045 | D:8      | Found a hazy altar of Hepliaklqana.
 10707 | D:8      | Killed a two-headed ogre
 10708 | D:8      | Reached skill level 13 in Air Magic
 11086 | D:8      | Reached XP level 10. HP: 50/50 MP: 14/23
 11571 | D:9      | Reached skill level 14 in Air Magic
 12068 | D:9      | Found a hide-covered altar of Uskayaw.
 13454 | D:10     | Entered Level 10 of the Dungeon
 14278 | D:10     | Reached skill level 10 in Spellcasting
 14280 | D:10     | Reached skill level 15 in Air Magic
 14618 | D:10     | Noticed ymhsbmbesitwf's ghost (novice HOFi)
 14619 | D:10     | Found a transporter.
 14619 | D:10     | Noticed a two-headed ogre
 14622 | D:10     | Identified the +10 dire flail "Fumotopu" {freeze, rN+ Will+
                  | Stlth+}
 14622 | D:10     | Identified the +10 great mace of Destruction {protect, Fly
                  | rN+ Stlth-}
 14622 | D:10     | Noticed a two-headed ogre
 14624 | D:10     | Noticed a two-headed ogre
 15316 | D:10     | Found a sacrificial altar of Ru.
 16070 | D:10     | Noticed a death yak
 16070 | D:10     | Noticed a death yak
 16071 | D:10     | Noticed a death yak
 16072 | D:10     | Found a staircase to the Lair.
 16076 | D:11     | Noticed Erolcha
 16234 | D:11     | Reached XP level 11. HP: 54/54 MP: 21/26
 16316 | D:11     | Noticed Sonja
 16320 | D:11     | Noticed a boulder beetle
 16321 | D:11     | Killed Sonja
 16473 | D:11     | Reached skill level 16 in Air Magic
 17140 | D:10     | Killed a death yak
 17775 | D:10     | Found a staircase to the Orcish Mines.
 18260 | D:11     | Killed Erolcha
 19349 | Orc:1    | Entered Level 1 of the Orcish Mines
 19351 | Orc:1    | Noticed Erica
 19525 | D:10     | Reached skill level 17 in Air Magic
 19870 | D:10     | Killed a death yak
 20222 | D:10     | Killed a death yak
 20449 | Lair:1   | Entered Level 1 of the Lair of Beasts
 20871 | Lair:1   | Reached XP level 12. HP: 59/59 MP: 16/29
 21074 | Lair:1   | Reached skill level 18 in Air Magic
 21298 | Lair:1   | Noticed a six-headed hydra
 21320 | Lair:1   | Killed a six-headed hydra
 22169 | Lair:1   | Noticed a catoblepas
 22174 | Lair:1   | Killed a catoblepas
 22827 | D:10     | HP: 1/59 [yak (16)]
 23604 | Lair:1   | Noticed a seven-headed hydra
 23614 | Lair:1   | Killed a seven-headed hydra
 23718 | Lair:1   | Noticed Urug
 23722 | Lair:1   | Killed Urug
 23723 | Lair:1   | Reached skill level 19 in Air Magic
 24209 | Lair:2   | Noticed a catoblepas
 24253 | Lair:1   | Slain by a catoblepas

Illustrated notes

Levels and vault maps discovered:
D:1:      dpeg_arrival_erosion, layout_rooms, serial_bayou_pond_b,
          minmay_misc_feat_pillars
D:2:      layout_basic, grunt_ministairs_3, minmay_misc_feat_plants
D:3:      minmay_roachtagon, layout_rooms,
          hellmonk_ecumenical_altar_leap_of_faith, nicolae_figureground_pulse
D:4:      layout_gridville, lemuel_doored_altar, mainiacjoe_overflow_catwalk,
          minmay_misc_feat_secret_circle
D:5:      layout_loops_corners, kennysheep_mini,
          amcnicky_mini_rare_corridor_liquid
D:6:      layout_basic, mainiacjoe_overflow_alcove_2,
          minmay_temple_entry_gardened_gates, serial_shops, shop,
          uniq_blork_the_orc
D:7:      layout_loops_ring, nicolae_ossuary_entry_ruins,
          chequers_serial_rivers_micro_e, minmay_misc_feat_columns, uniq_duvessa
D:8:      layout_basic, nicolae_overflow_two_pavilions,
          mainiacjoe_overflow_boulevard, lightli_bailey_entry_fortress,
          uniq_joseph
D:9:      layout_gridville, nicolae_uskayaw_dance_hall, water_maze_lemuel
D:10:     layout_basic, nicolae_ru_the_path_less_chosen, dpeg_lair_monsters,
          hiddenorc1_lemuel, gammafunk_ghost_smash, minmay_misc_feat_iff
D:11:     layout_stronghold, serial_column_ruins, column_ruins_square_medium,
          column_ruins_columns_straight, column_ruins_corridor_plus,
          column_ruins_columns_corner, column_ruins_columns_corner,
          column_ruins_open_small, uniq_sonja, uniq_erolcha
Lair:1:   hellmonk_ruined_rings, layout_regular_city, hibernation_bobbens,
          lemuel_fruit_tree, serial_bayou_shore_b, uniq_urug
Lair:2:   layout_regular_city, spider_nest_entry_rubble, gauntlet_entry_generic
Orc:1:    layout_diamond_mine, mines2_david, uniq_erica

Skill      XL: |  1  2  3  4  5  6  7  8  9 10 11 12 |
---------------+-------------------------------------+-----
Air Magic      | 5 6 7 8 9 11 13 15 17 19 | 19.1
Spellcasting   | 3 4 5 7 8 10 12 13 | 13.3
Dodging        | |  2.1
Stealth        | |  2.0
Conjurations   | |  1.3

Action                   |  1- 3 |  4- 6 |  7- 9 | 10-12 || total
-------------------------+-------+-------+-------+-------++-------
Melee: Unarmed           |     5 |       |       |       ||     5
       Kick              |     9 |     5 |     1 |     1 ||    16
       Peck              |     4 |     1 |       |     1 ||     6
       Dagger            |    19 |    15 |     6 |     3 ||    43
 Cast: Shock             |    38 |   110 |    79 |     1 ||   228
       Static Discharge  |     4 |    18 |    16 |    15 ||    53
       Airstrike         |       |       |   104 |   314 ||   418
       Passwall          |       |       |     1 |       ||     1
Invok: Potion Petition   |       |       |     1 |       ||     1
Evoke: Wand              |       |       |     1 |     1 ||     2
  Use: Potion            |       |     4 |     4 |     2 ||    10
       Scroll            |       |     2 |     3 |    13 ||    18
 Stab: Sleeping          |     1 |       |       |       ||     1
       Distracted        |       |       |     1 |       ||     1
Armor: Robe              |     6 |     6 |     3 |     5 ||    20
       Skin              |       |       |     3 |       ||     3
Dodge: Dodged            |    20 |    31 |    27 |    71 ||   149
